 Dungeon Sprint DCSS version 0.30-a0-883-g5ad918d77d (webtiles) character file.

Game seed: 11131201141261675378

1100000 BigDaddyOpFi the Spry (level 14, -34/117 HPs)
             Began as a Djinni Warper on Mar 17, 2023.
             Was a Believer of Makhleb.
             Annihilated by a meat berserker
             ... wielding a +9 battleaxe
              (73 damage)
             ... in the Dungeon (Sprint VIII: "Arena of Blood").
             The game lasted 00:00:19 (11 turns).

BigDaddyOpFi the Spry (Djinni Warper)                 Turns: 11, Time: 00:00:20

Health: -34/117    AC:  5    Str: 10    XL:     14   Next: 83%
Gold:   0          EV: 23    Int: 15    God:    Makhleb [**....] SH:  0 Dex: 18

rFire   + + .      SeeInvis .    h - +∞ Axe of Woe
rCold   x . .      Faith    .    (shield currently unavailable)
rNeg    . . .      Spirit   .    a - +0 leather armour
rPois   ∞          Reflect  .    (no helmet)
rElec   .          Rampage  .    (no cloak)
rCorr   .          NoTele   +    (no gloves)
Will    +....                    (boots unavailable)
Stlth   +                        (no amulet)
HPRegen 0.39/turn                (no ring)
MPRegen 0.00/turn                (no ring)

@: flying
A: sickness immunity, fire resistance 2, cold vulnerability 1, float, innate
caster, HP casting, extra vitality 1
a: Renounce Religion, Minor Destruction


You were in the Dungeon.
You worshipped Makhleb.
Makhleb was pleased with you.
You visited 1 branch

Inventory:

Hand Weapons
 h - the +∞ Axe of Woe (weapon)
   (You found it in the Dungeon)
Missiles
 c - 6 boomerangs of dispersal (quivered)
Armour
 a - a +0 leather armour (worn)
Scrolls
 b - 2 scrolls of blinking
Potions
 d - a potion of curing
 e - a potion of heal wounds
 f - a potion of haste
 g - a potion of berserk rage


   Skills:
 + Level 16.7 Fighting
 + Level 14.1 Throwing
 + Level 16.7 Armour
 + Level 17.9 Dodging
 + Level 16.6 Unarmed Combat
 + Level 13.2 Spellcasting


You knew the following spells:

 Your Spells              Type           Power      Damage    Failure   Level
a - Blink                 Tloc           98%        N/A       1%          2
b - Lesser Beckoning      Tloc           98%        N/A       1%          2
c - Vhi's Electric Charg  Tloc/Air       98%        N/A       1%          3
d - Teleport Other        Tloc           49%        N/A       1%          3
e - Manifold Assault      Tloc           49%        N/A       1%          4
f - Beastly Appendage     Tmut           98%        N/A       1%          1
g - Scorch                Fire           98%        2d10      1%          2
h - Ozocubu's Armour      Ice            49%        N/A       1%          3
i - Fulminant Prism       Conj/Hex       24%        3d12      1%          4
j - Lightning Bolt        Conj/Air       24%        1d40      1%          5
k - Metabolic Englaciati  Hex/Ice        24%        N/A       1%          5
Your spell library was empty.

Dungeon Overview and Level Annotations

Branches:
Dungeon (1/1)

Altars:
Makhleb


Innate Abilities, Weirdness & Mutations

You are immune to sickness and miasma.
You are immune to poison.
Your flesh is very heat resistant. (rF++)
You are vulnerable to cold. (rC-)
You float through the air rather than walking.
You learn spells naturally, not from books.
Your magical power is your life essence.
You have superior vitality. (+4 MHP)


Message History

A meat berserker comes into view. It is wielding a +9 battleaxe.
You hear a shout! x8
The bag of meat hits you with a +9 war axe!!!
The meat berserker moves out of view.
You hear a shout!
Your Fighting skill gained 3 levels and is now at level 16!
Your Throwing skill gained 2 levels and is now at level 13!
Your Armour skill gained 3 levels and is now at level 16!
Your Dodging skill gained 3 levels and is now at level 17!
Your Unarmed Combat skill gained 3 levels and is now at level 16!
Your Spellcasting skill increases to level 12!
You have reached level 14!
Unknown command.
You slice the bag of meat!!
You cleave the bag of meat in twain.
You kill the bag of meat!
Makhleb accepts your kill.
You can now harness Makhleb's destructive might.
You hear a shout!
The meat berserker rages.
You hear a shout! x9
A bag of meat comes into view. It is wielding a +9 war axe.
The meat berserker hits you with a +9 battleaxe!!!
Ouch! That really hurt!
* * * LOW HITPOINT WARNING * * *
You hear a shout! x4
Your Throwing skill increases to level 14!
Your Spellcasting skill increases to level 13!
Unknown command.
Unknown command.
You slice the bag of meat!!
You hew the bag of meat savagely.
You kill the bag of meat!
Makhleb accepts your kill.
You feel better.
You slash the meat berserker!
You hew the meat berserker savagely.
You kill the meat berserker!
Makhleb accepts your kill.
You hear a shout! x8
The meat berserker hits you with a +9 battleaxe!!!!
Ouch! That really hurt!
You die...

.. ..... #.
...# #.. ...# .
.###.. ...###..
......###......
.....o_.....
#..))O# #_.<@_#
#...Oo#
......_..o..
......###......
.###.. ...###..
#.. ...# . #.
...# .. .....


You could see 2 meat berserkers and 3 bags of meat.

Vanquished Creatures
  3 ogres (D)
  4 orcs (D)
7 creatures vanquished.

Notes
Turn   | Place    | Note
-------+----------+-------------------------------------------
     0 | D        | Found the +∞ Axe of Woe
     0 | D        | BigDaddyOpFi the Djinni Warper began the quest for the Orb.
     0 | D        | BigDaddyOpFi set off with the following spells memorised:
                  | Blink, Lesser Beckoning, Vhi's Electric Charge, Teleport
                  | Other, Manifold Assault.
     0 | D        | Reached XP level 1. HP: 18/18 MP: 0/0
     2 | D        | Noticed a bag of meat
     3 | D        | Noticed a meat berserker
     3 | D        | Noticed a bag of meat
     4 | D        | Became a worshipper of Makhleb the Destroyer
     5 | D        | Noticed a meat berserker
     5 | D        | Killed a meat berserker
     6 | D        | Reached skill level 10 in Throwing
     6 | D        | Reached skill level 13 in Dodging
     6 | D        | Reached skill level 10 in Spellcasting
     6 | D        | Reached XP level 2. HP: 39/39 MP: 0/0
     6 | D        | Reached XP level 3. HP: 44/44 MP: 0/0
     6 | D        | Learned a level 1 spell: Beastly Appendage
     6 | D        | Reached XP level 4. HP: 50/50 MP: 0/0
     6 | D        | Reached XP level 5. HP: 56/56 MP: 0/0
     6 | D        | Learned a level 2 spell: Scorch
     6 | D        | Reached XP level 6. HP: 62/62 MP: 0/0
     6 | D        | Reached XP level 7. HP: 67/67 MP: 0/0
     6 | D        | Learned a level 3 spell: Ozocubu's Armour
     6 | D        | Reached XP level 8. HP: 74/74 MP: 0/0
     6 | D        | Reached XP level 9. HP: 79/79 MP: 0/0
     6 | D        | Learned a level 4 spell: Fulminant Prism
     6 | D        | Reached XP level 10. HP: 85/85 MP: 0/0
     6 | D        | Reached XP level 11. HP: 90/90 MP: 0/0
     6 | D        | Learned a level 5 spell: Lightning Bolt
     6 | D        | Reached XP level 12. HP: 96/96 MP: 0/0
     6 | D        | Noticed a bag of meat
     6 | D        | Noticed a bag of meat
     7 | D        | Noticed a meat berserker
     7 | D        | Noticed a bag of meat
     8 | D        | Killed a bag of meat
     8 | D        | Reached * piety under Makhleb
     8 | D        | Noticed a bag of meat
     9 | D        | Reached skill level 14 in Dodging
     9 | D        | Reached XP level 13. HP: 104/104 MP: 0/0
     9 | D        | Learned a level 5 spell: Metabolic Englaciation
     9 | D        | Killed a meat berserker
     9 | D        | Killed a bag of meat
     9 | D        | Noticed a meat berserker
     9 | D        | Noticed a meat berserker
    10 | D        | Reached skill level 17 in Dodging
    10 | D        | Reached XP level 14. HP: 71/116 MP: 0/0
    10 | D        | Killed a bag of meat
    10 | D        | Reached ** piety under Makhleb
    10 | D        | Noticed a bag of meat
    11 | D        | Killed a bag of meat
    11 | D        | Killed a meat berserker
    11 | D        | Annihilated by a meat berserker

Illustrated notes

Levels and vault maps discovered:
D:        meatsprint

Skill      XL: |  1  2  3  4  5  6  7  8  9 10 11 12 13 14 |
---------------+-------------------------------------------+-----
Fighting       | 12 13 16 | 16.7
Throwing       | 10 11 13 14 | 14.1
Armour         | 12 13 16 | 16.7
Dodging        | 13 14 17 | 17.9
Unarmed Combat | 12 13 16 | 16.6
Spellcasting   | 10 11 12 13 | 13.2

Action                     |  1- 3 |  4- 6 |  7- 9 | 10-12 | 13-15 || total
---------------------------+-------+-------+-------+-------+-------++-------
  Melee: Executioner's axe |     1 |       |       |     1 |     3 ||     5
  Throw: Boomerang         |       |       |       |     1 |       ||     1
  Dodge: Dodged            |       |       |       |     1 |       ||     1

Table legend: (Time is in decaauts)
 A = Elapsed time spent in this place.
 B = Non-inter-level travel time spent in this place.
 C = Inter-level travel time spent in this place.
 D = Time resting spent in this place.
 E = Time spent auto-exploring this place.
 F = Levels seen in this place.
 G = Mean time per level.
                   A        B        C        D        E       F      G
               +--------+--------+--------+--------+--------+-----+--------+
         Total |     13 |     13 |      0 |      0 |      0 |   1 |   13.0 |
       Dungeon |     13 |     13 |      0 |      0 |      0 |   1 |   13.0 |
               +--------+--------+--------+--------+--------+-----+--------+

Top non-repeatable levels by time:
       D: 13 daAuts
